 Dungeon Crawl Stone Soup version 0.21.1-1-g345015f (webtiles) character file.

112 Fortress the Chopper (level 4, -2/37 HPs)
             Began as a Minotaur Gladiator on June 9, 2018.
             Slain by Crazy Yiuf
             ... wielding a +2 quarterstaff of chaos
              (5 damage)
             ... on level 2 of the Dungeon.
             The game lasted 00:19:12 (2205 turns).

Fortress the Chopper (Minotaur Gladiator)           Turns: 2205, Time: 00:19:13

Health: -2/37      AC:  8    Str: 20    XL:     4   Next: 63%
Magic:  1/3        EV:  6    Int:  5    God:
Gold:   100        SH:  8    Dex: 11    Spells: 3/3 levels left

rFire    . . .     SeeInvis .   a - +0 war axe
rCold    + . .     Gourm    .   k - +1 shield {rC+}
rNeg     . . .     Faith    .   i - +0 chain mail
rPois    .         Spirit   .   c - +0 hat
rElec    .         Reflect  .   (no cloak)
rCorr    +         Harm     .   (no gloves)
MR       .....                  (no boots)
Stlth    ..........             (no amulet)
HPRegen  0.12/turn              t - ring of resist corrosion
MPRegen  0.08/turn              (no ring)

@: no status effects
A: retaliatory headbutt, horns 2
a: no special abilities


You were on level 2 of the Dungeon.
You were not hungry.

You visited 1 branch of the dungeon, and saw 3 of its levels.

You collected 100 gold pieces.

Inventory:

Hand Weapons
 a - a +0 war axe (weapon)
 g - a +0 hunting sling
 p - a +4 whip of holy wrath
Missiles
 d - 3 throwing nets (quivered)
 h - 78 stones
 o - 15 bolts
Armour
 c - a +0 hat (worn)
 i - a +0 chain mail (worn)
 k - a +1 shield of cold resistance (worn)
Jewellery
 t - a ring of resist corrosion (left hand)
Wands
 r - a wand of polymorph (17)
Scrolls
 e - 2 scrolls of identify
 j - a scroll of immolation {unknown}
 m - a scroll of remove curse {unknown}
 q - a scroll of teleportation {unknown}
 u - a scroll of enchant weapon {unknown}
 v - a scroll of blinking {unknown}
Potions
 b - a potion of agility {unknown}
 l - a potion of mutation {unknown}
 n - a potion of curing {unknown}
 s - a potion of degeneration {unknown}
Comestibles
 f - 3 rations


   Skills:
 + Level 2.6 Fighting
 + Level 5.2 Axes
 - Level 2.0 Throwing
 + Level 0.5 Armour
 + Level 4.7 Dodging
 + Level 0.1 Shields


You had 3 spell levels left.
You didn't know any spells.

Dungeon Overview and Level Annotations

Branches:
Dungeon (3/15)

Altars:

Annotations:
D:2 Crazy Yiuf


Innate Abilities, Weirdness & Mutations

You reflexively headbutt those who attack you in melee.
You have a pair of horns on your head.


Message History

Crazy Yiuf freezes you.
You closely miss Crazy Yiuf. You headbutt Crazy Yiuf.
Crazy Yiuf is heavily wounded.
Crazy Yiuf hits you with a quarterstaff of chaos!
* * * LOW HITPOINT WARNING * * *
You closely miss Crazy Yiuf.
Crazy Yiuf is heavily wounded.
You block Crazy Yiuf's attack.
Crazy Yiuf hits you with a quarterstaff of chaos.
* * * LOW HITPOINT WARNING * * *
You feel your power leaking away.
You slash Crazy Yiuf!
Crazy Yiuf is almost dead.
Crazy Yiuf hits you with a quarterstaff of chaos.
* * * LOW HITPOINT WARNING * * *
You barely miss Crazy Yiuf.
Crazy Yiuf is almost dead.
Crazy Yiuf sings, "Trees, trees, trees, circus!"
Crazy Yiuf hits you with a quarterstaff of chaos.
You die...

#............#
#.##########.#
#########.# #.#
#........## ###
#.######## #.#
##.# #### ♣♣####
...# #)..#♣♣
♣♣....##
###########
#..g@.♣♣♣♣......#
#..)..>.#
#...#♣..♣.......#
#.####### ####
♣♣♣.♣....#.#####
#.#
♣♣♣♣♣##.......
#.# ######## #.#
#################
#.#
#................
###.#
#.#####.#########
....# #.# #.# #


You could see Crazy Yiuf.

Vanquished Creatures
  5 adders
  An ooze (D:1)
  4 dart slugs
  A leopard gecko (D:1)
  A ball python (D:2)
  A giant cockroach (D:2)
  5 goblins
  6 hobgoblins
  4 jackals (D:2)
  2 quokkas (D:2)
  6 bats
  2 frilled lizards (D:2)
  5 kobolds (D:1)
  14 rats
57 creatures vanquished.

Notes
Turn   | Place    | Note
-------+----------+-------------------------------------------
     0 | D:1      | Fortress the Minotaur Gladiator began the quest for the Orb.
     0 | D:1      | Reached XP level 1. HP: 18/18 MP: 0/0
   197 | D:1      | Reached skill level 4 in Axes
   197 | D:1      | Reached XP level 2. HP: 25/25 MP: 1/1
   513 | D:1      | Reached XP level 3. HP: 27/30 MP: 2/2
  1407 | D:2      | Reached skill level 5 in Axes
  1407 | D:2      | Reached XP level 4. HP: 27/37 MP: 3/3
  2192 | D:2      | Found a runed door.
  2196 | D:2      | Noticed Crazy Yiuf
  2205 | D:2      | Slain by Crazy Yiuf

Skill      XL: |  1  2  3 |
---------------+----------+-----
Axes           | 4 5 |  5.2
Dodging        | 4 |  4.7
Fighting       | |  2.6
Throwing       | |  2.0
Armour         | |  0.5
Shields        | |  0.1

Action                   |  1- 3 |  4- 6 || total
-------------------------+-------+-------++-------
Melee: War axe           |    94 |    64 ||   158
       Headbutt          |    14 |     9 ||    23
  Use: Scroll            |       |     2 ||     2
  Eat: Chunk             |     1 |     3 ||     4
Armor: Leather armour    |     4 |       ||     4
       Chain mail        |    45 |    36 ||    81
Dodge: Dodged            |    47 |    18 ||    65
Block: Shield            |       |    24 ||    24
